 Dungeon Crawl Stone Soup version 0.29-a0-845-g6161e89988 (webtiles) character file.

Game seed: 12848232004717850049

2200 buhh the Grasshopper (level 9, -7/76 (78) HPs)
             Began as a Meteoran Fighter on July 15, 2022.
             Was an Initiate of Ashenzari.
             Mangled by an iguana (12 damage)
             ... on level 6 of the Dungeon on July 16, 2022.
             The game lasted 00:12:32 (2437 turns).

buhh the Grasshopper (Meteoran Fighter)             Turns: 2437, Time: 00:12:33

HP:   -7/76 (78)    AC:  4    Str: 23    XL:     9   Next: 91%
MP:   10/10         EV:  9    Int: 10    God:    Ashenzari [......]
Gold: 274           SH:  6    Dex: 13    Spells: 7/8 levels left

rFire   + + +      SeeInvis .   a - +4 hand axe "buhh's Regret" {vorpal, rF++}
rCold   . . .      Faith    .   c - +0 buckler
rNeg    . . .      Spirit   .   b - +0 scale mail
rPois   .          Reflect  .   (no helmet)
rElec   .          Harm     .   (no cloak)
rCorr   .          Rampage  .   (no gloves)
Will    +....                   (no boots)
Stlth   ..........              (no amulet)
HPRegen 0.22/turn               d - ring of protection from fire
MPRegen 0.12/turn               (no ring)

@: glowing, lightly drained
A: sense surroundings 2, otherworldly, glowing, explore regen, deformed body
a: Renounce Religion, Curse Item


You were on level 6 of the Dungeon.
You worshipped Ashenzari.
Ashenzari was noncommittal.
You visited 2 branches of the dungeon, and saw 7 of its levels.
You also visited: Ossuary.

You collected 274 gold pieces.

Inventory:

Hand Weapons
 a - the +4 hand axe "buhh's Regret" (weapon) {vorpal, rF++}
   (You found it on level 5 of the Dungeon)

   It inflicts extra damage upon your enemies.
   rF:        It greatly protects you from fire.
 o - a +1 flail
Missiles
 h - 4 silver javelins
Armour
 b - a +0 scale mail (worn)
 c - a +0 buckler (worn)
Jewellery
 d - a ring of protection from fire (left hand)
 r - a ring of magical power
Scrolls
 e - 3 scrolls of fear {!d}
 g - 3 scrolls of vulnerability
 j - a scroll of enchant weapon
 l - a scroll of silence {!r}
 m - a scroll of acquirement {unknown}
 n - a scroll of amnesia {unknown}
 s - a scroll of magic mapping {unknown}
Potions
 f - a potion of lignification {unknown}
 i - a potion of attraction
 k - a potion of resistance {unknown}
 p - a potion of magic {unknown}
 q - 2 potions of brilliance {unknown}
 v - a potion of curing {!d}
 Z - a potion of flight


   Skills:
 + Level 6.4 Fighting
 + Level 7.3 Maces & Flails
 + Level 7.1 Armour
 + Level 7.3 Shields
 - Level 7.3 Translocations


You had 7 spell levels left.
You knew the following spells:

 Your Spells              Type           Power      Damage    Failure   Level
a - Apportation           Tloc           28%        N/A       5%          1

Your spell library contained the following spells:

 Spells                   Type           Power      Damage    Failure   Level
 Stone Arrow              Conj/Erth      0%         3d7       97%         3
 Animate Armour           Summ/Erth      0%         N/A       100%        4
 Alistair's Intoxication  Tmut/Pois      0%         N/A       100%        5
 Lehudib's Crystal Spear  Conj/Erth      0%         10d2      100%        8


Dungeon Overview and Level Annotations

Branches:
Dungeon (6/15) Zot: 1463   Temple (1/1) D:4 Zot: 564 Ossuary (visited)

Altars:
Ashenzari
Cheibriados
Dithmenos
Hepliaklqana
Kikubaaqudgha
Nemelex Xobeh
Okawaru
Qazlal
Ru
Sif Muna
Uskayaw
Wu Jian
Xom
Yredelemnul
The Shining One

Shops:
D:5 *   D:6 (*[*


Innate Abilities, Weirdness & Mutations

You passively map the area around you.
You are easily found by Zot.
You glow in the dark.
You regain HP and MP as you explore.
Armour fits poorly on your strangely shaped body.


Message History

You destroy the wight!
r - a ring of magical power
Things that are here:
a +3 spear; a +0 robe
s - a scroll labelled MARALU JEMANWA Ashenzari invites you to partake of a vision and a curse of evocations and introspection.
There is an entrance to Caelui's Assorted Antiques here.
Found a shimmering altar of Xom.
An ogre comes into view. It is wielding a +0 giant club.
The ogre shouts! 2 iguanas come into view.
The iguana hisses angrily. x2
An orc comes into view.
It is wielding a +2 hand axe of electrocution.
The ogre hits you with a +0 giant club!!
You hit the ogre.
The ogre is lightly wounded.
The ogre closely misses you.
You slash the ogre!
The ogre is heavily wounded.
The ogre hits you with a +0 giant club!!!
* * * LOW HITPOINT WARNING * * *
You hear a shout!
You slash the ogre!
The ogre is almost dead.
You hit the ogre.
You kill the ogre!
You barely miss the iguana. You block the iguana's attack.
The iguana attacks as you move away! The iguana bites you.
* * * LOW HITPOINT WARNING * * *
The iguana attacks as you move away! The iguana bites you!
* * * LOW HITPOINT WARNING * * *
The iguana hisses menacingly.
The iguana closely misses you. The iguana bites you.
* * * LOW HITPOINT WARNING * * *
The iguana attacks as you move away! The iguana bites you!
* * * LOW HITPOINT WARNING * * *
The iguana attacks as you move away! The iguana bites you!
You die...

$ , ##.#.## ..,####.....##
...#..##.....#
............## ##
.....?...#.## ###.#
........##..###...###
.....##.#...........# ....
*#..##...l...##
.....##)#####..l@.#
........## ##......# * # #
.####....# #.......$$.....#
.l.......###........###.#.#
.......#..#......#.##.._..
.#...........##.####..#.#
..##.##.#....######.....#
.....####........##.....#
.......................##


You could see 2 iguanas.

Vanquished Creatures
  Grinder (D:5)
  Eustachio (D:4)
  A steam dragon (D:5)
  Duvessa (D:4)
  2 ogres
  2 black bears (D:5)
  3 elf zombies (Ossuary)
  2 necrophages
  4 scorpions
  4 wights
  Dowan (D:4)
  A howler monkey (D:5)
  2 centaur zombies (Ossuary)
  2 jellies (D:5)
  A human zombie (Ossuary)
  A gnoll bouda (D:5)
  An iguana (D:5)
  2 mummies (Ossuary)
  4 gnolls (D:5)
  5 adders
  A white imp (D:5)
  An ufetubus (D:5)
  2 adder zombies (Ossuary)
  A worm (D:2)
  3 dart slugs
  4 orcs
  3 endoplasms
  3 giant cockroaches
  9 goblins
  9 hobgoblins
  6 jackals
  3 kobolds
  6 quokkas
  3 ball pythons
  8 bats
  A frilled lizard (D:3)
  A goblin zombie (Ossuary)
  8 hobgoblin zombies (Ossuary)
  A jackal zombie (Ossuary)
  12 kobold zombies (Ossuary)
  7 orc zombies (Ossuary)
  3 rats
136 creatures vanquished.

Notes
Turn   | Place    | Note
-------+----------+-------------------------------------------
     0 | D:1      | buhh the Meteoran Fighter began the quest for the Orb.
     0 | D:1      | Reached XP level 1. HP: 19/19 MP: 2/2
    40 | D:1      | Reached XP level 2. HP: 17/26 MP: 3/3
    95 | D:1      | Reached XP level 3. HP: 31/31 MP: 4/4
   289 | D:2      | Reached XP level 4. HP: 35/40 MP: 5/5
   291 | D:2      | Learned a level 1 spell: Apportation
   469 | D:2      | Reached skill level 1 in Translocations
   582 | D:2      | Found a sacrificial altar of Ru.
   701 | D:3      | Found a shimmering blue altar of Sif Muna.
   829 | D:3      | Reached XP level 5. HP: 46/46 MP: 6/6
   954 | D:4      | Found a sand-covered staircase.
   960 | Ossuary  | Entered an ossuary
  1117 | Ossuary  | Reached XP level 6. HP: 16/52 MP: 7/7
  1149 | Ossuary  | Reached skill level 5 in Shields
  1149 | Ossuary  | Reached XP level 7. HP: 12/60 MP: 8/8
  1158 | Ossuary  | Gained mutation: Armour fits poorly on your strangely
                  | shaped body. [potion of mutation]
  1217 | Ossuary  | Reached skill level 5 in Armour
  1346 | D:4      | Noticed Eustachio
  1363 | D:4      | Killed Eustachio
  1364 | D:4      | Reached skill level 5 in Maces & Flails
  1364 | D:4      | Reached XP level 8. HP: 28/67 MP: 9/9
  1460 | D:5      | Entered Level 5 of the Dungeon
  1472 | D:5      | Reached skill level 5 in Fighting
  1472 | D:5      | Reached skill level 5 in Translocations
  1550 | D:4      | Found a staircase to the Ecumenical Temple.
  1556 | Temple   | Entered the Ecumenical Temple
  1575 | Temple   | Became a worshipper of Ashenzari the Shackled
  1606 | D:4      | Noticed Duvessa
  1606 | D:4      | Noticed Dowan
  1623 | D:4      | Killed Duvessa
  1634 | D:4      | Killed Dowan
  1835 | D:5      | Gained mutation: You passively map the area around you.
                  | [Meteoran growth]
  1835 | D:5      | Reached XP level 9. HP: 52/74 MP: 10/10
  1857 | D:5      | Noticed Grinder
  1858 | D:5      | Paralysed by Grinder for 3 turns
  1878 | D:5      | Killed Grinder
  1934 | D:5      | Found Rusar's Neck Hole.
  2131 | D:6      | Found Sunaixos's Weapon Shop.
  2153 | D:5      | Identified the +4 hand axe "buhh's Regret" {vorpal, rF++}
  2290 | D:6      | Found Caelui's Assorted Antiques.
  2307 | D:6      | Found Noifakhle's Armour Shoppe.
  2309 | D:6      | Found Zeuboomir's Assorted Antiques.
  2356 | D:6      | Found a stormy altar of Qazlal.
  2396 | D:6      | Found a shimmering altar of Xom.
  2437 | D:6      | Mangled by an iguana

Illustrated notes

Levels and vault maps discovered:
D:1:      dpeg_arrival_orchard, layout_basic
D:2:      layout_rooms, basic_altar, minmay_misc_feat_doors
D:3:      layout_loops_corners, mainiacjoe_overflow_alcove_1
D:4:      layout_basic, minmay_temple_entry_enclosed_plants, enter_ossuary_3,
          corexii_shack, uniq_duvessa, uniq_eustachio
D:5:      layout_rooms, nicolae_shop_sticking_my_neck_out, uniq_grinder
D:6:      minmay_chambers_of_fours, layout_cave_pools, lemuel_crystal_altar,
          tgw_trog, nicolae_qazlal_general_emergency, makhleb_grotto_becter,
          serial_shops, shop_statue, nicolae_shop_stone,
          nicolae_shop_statue_plus, shop, shop
Temple:   cyrus_circular_temple

Skill      XL: |  1  2  3  4  5  6  7  8  9 |
---------------+----------------------------+-----
Maces & Flails | 3 4 5 6 7 |  7.3
Armour         | 4 5 6 7 |  7.1
Shields        | 4 5 6 7 |  7.3
Translocations | 1 2 3 4 6 7 |  7.3
Fighting       | 4 5 6 |  6.4

Action                   |  1- 3 |  4- 6 |  7- 9 || total
-------------------------+-------+-------+-------++-------
Melee: Flail             |    93 |   162 |   177 ||   432
       Hand axe          |       |       |    48 ||    48
 Cast: Apportation       |       |       |     3 ||     3
  Use: Scroll            |       |     3 |     2 ||     5
       Potion            |       |     2 |    11 ||    13
Armor: Scale mail        |    55 |    79 |    92 ||   226
Dodge: Dodged            |    35 |    51 |   110 ||   196
Block: Buckler           |    34 |    35 |    90 ||   159

Table legend: (Time is in decaauts)
 A = Elapsed time spent in this place.
 B = Non-inter-level travel time spent in this place.
 C = Inter-level travel time spent in this place.
 D = Time resting spent in this place.
 E = Time spent auto-exploring this place.
 F = Levels seen in this place.
 G = Mean time per level.
                   A        B        C        D        E       F      G
               +--------+--------+--------+--------+--------+-----+--------+
         Total |   2521 |   2495 |     26 |      0 |     77 |   8 |  315.1 |
       Dungeon |   2136 |   2110 |     26 |      0 |     18 |   6 |  356.0 |
        Temple |     35 |     35 |      0 |      0 |      0 |   1 |   35.0 |
       Ossuary |    349 |    349 |      0 |      0 |     59 |   1 |  349.0 |
               +--------+--------+--------+--------+--------+-----+--------+

Top non-repeatable levels by time:
     D:5: 556 daAuts
     D:4: 448 daAuts
     D:3: 443 daAuts
 Ossuary: 349 daAuts
     D:1: 303 daAuts
     D:2: 255 daAuts
     D:6: 129 daAuts
  Temple: 35 daAuts
